 Dungeon Crawl Stone Soup version 0.18.1-8-gdd0e5ea (webtiles) character file.

146 Berubetto the Ducker (level 5, -2/52 HPs)
             Began as a Troll Berserker on May 21, 2016.
             Was a Believer of Trog.
             Slain by a worm (4 damage)
             ... while paralysed
             ... on level 3 of the Dungeon.
             The game lasted 00:11:31 (1572 turns).

Berubetto the Ducker (Troll Berserker)              Turns: 1572, Time: 00:11:32

Health: -2/52      AC:  5    Str: 26    XL:     5   Next: 7%
Magic:  4/4        EV:  1    Int:  3    God:    Trog [**....]
Gold:   77         SH:  0    Dex:  9    Spells: 0 memorised, 4 levels left

rFire  . . .     SeeInvis +     a - +0 spear
rCold  . . .     Gourm    +     b - +0 animal skin
rNeg   . . .     Faith    .     (no shield)
rPois  .         Spirit   .     (helmet restricted)
rElec  .         Dismiss  .     (no cloak)
rCorr  .         Reflect  .     (gloves unavailable)
SustAt .         Harm     .     (boots unavailable)
MR     .....                    (no amulet)
Stlth  +.........               h - ring of wizardry
                                d - ring of see invisible

@: paralysed, fainting, not resistant to hostile enchantments, very unstealthy
A: unfitting armour, claws 3, fast metabolism 3, gourmand, regeneration 2,
shaggy fur 1, tough skin 2
a: Berserk, Trog's Hand, Burn Spellbooks, Renounce Religion


You were on level 3 of the Dungeon.
You worshipped Trog.
Trog was pleased with you.
You were fainting.

You visited 1 branch of the dungeon, and saw 3 of its levels.

You collected 77 gold pieces.

Inventory:

Hand Weapons
 a - a +0 spear (weapon)
Armour
 b - a +0 animal skin (worn)
 f - a +0 ring mail
Jewellery
 d - a ring of see invisible (left claw)
 h - a ring of wizardry (right claw)
Scrolls
 c - a scroll of identify {unknown}
 e - a scroll of remove curse {unknown}
 j - a scroll of teleportation {unknown}
 m - 3 scrolls of fear {unknown}
Potions
 g - 2 potions of brilliance {unknown}
 i - a potion of mutation {unknown}
 k - a potion of magic {unknown}
 l - 2 potions of haste {unknown}


   Skills:
 + Level 2.9 Fighting
 + Level 3.0 Polearms
 + Level 1.9 Armour
 + Level 3.4 Dodging


You had 4 spell levels left.
You didn't know any spells.

Dungeon Overview and Level Annotations

Branches:
Dungeon (3/15)

Altars:
Fedhas
Sif Muna


Innate Abilities, Weirdness & Mutations

You are too large for most types of armour.
You have claws for hands.
Your metabolism is lightning-fast.
You like to eat raw meat.
You heal very quickly.
You are covered in fur (AC +1).
You have very tough skin (AC +2).


Message History

The jackal bites you but does no damage.
You hit the worm.
The worm is heavily wounded.
You lose consciousness!
The jackal bites you but does no damage.
The worm bites you.
* * * LOW HITPOINT WARNING * * *
The jackal bites you.
* * * LOW HITPOINT WARNING * * *
The jackal bites you but does no damage.
The jackal bites you.
* * * LOW HITPOINT WARNING * * *
The worm bites you.
* * * LOW HITPOINT WARNING * * *
The jackal bites you.
* * * LOW HITPOINT WARNING * * *
The jackal bites you.
* * * LOW HITPOINT WARNING * * *
The worm bites you.
You die...

...###..........##
.#...#....#......#
.#...#...........# #
.#..<.....#.#....# .###
..........._...>.#+#....
.#....<.....##.........#
............##.........#
............'..hw......#
#...........##..@......#
#...........##......####
#.........####......#
#.........# #......#
#.........####......#
#...................#
#...................#
#...............#####
#.....##.........#


You could see a worm and a jackal.

Vanquished Creatures
  Ijyb (D:2)
  A worker ant zombie (D:3)
  2 gnolls (D:2)
  5 adders
  3 oozes
  2 orcs (D:3)
  A ball python (D:2)
  6 bats
  A giant cockroach (D:3)
  6 hobgoblins
  2 kobolds
  3 giant newts
  5 rats
38 creatures vanquished.

Notes
Turn   | Place    | Note
--------------------------------------------------------------
     0 | D:1      | Berubetto the Troll Berserker began the quest for the Orb.
     0 | D:1      | Reached XP level 1. HP: 22/22 MP: 0/0
   330 | D:1      | Reached XP level 2. HP: 19/29 MP: 1/1
   617 | D:2      | Reached skill level 1 in Armour
   645 | D:2      | Found a deep blue altar of Sif Muna.
   665 | D:2      | Noticed Ijyb
   686 | D:2      | Killed Ijyb
   686 | D:2      | Reached XP level 3. HP: 31/36 MP: 2/2
   816 | D:1      | Reached XP level 4. HP: 16/44 MP: 3/3
  1148 | D:3      | Found a blossoming altar of Fedhas.
  1161 | D:3      | Reached ** piety under Trog
  1447 | D:3      | Reached XP level 5. HP: 44/52 MP: 4/4
  1551 | D:3      | Paralysed by fainting for 9 turns
  1568 | D:3      | Paralysed by fainting for 11 turns
  1571 | D:3      | HP: 2/52 [jackal (1)]
  1572 | D:3      | Slain by a worm

Skill      XL: |  1  2  3  4 |
---------------+-------------+-----
Armour         | 1 |  1.9
Dodging        | 3 |  3.4
Polearms       | 3 |  3.0
Fighting       | |  2.9

Action                   |  1- 3 |  4- 6 || total
-------------------------+-------+-------++-------
Melee: Spear             |    96 |   105 ||   201
  Eat: Bread ration      |     1 |     1 ||     2
Armor: Animal skin       |    61 |    65 ||   126
Dodge: Dodged            |    75 |    79 ||   154
